 Dungeon Crawl Stone Soup version 0.30-a0-165-g1891117ce2 (webtiles) character file.

Game seed: 17026349973082311235

66306 ryw the Devastator (level 14, -3/80 HPs)
             Began as a Deep Elf Conjurer on Sept 29, 2022.
             Was a High Priest of Vehumet.
             Shot with an arrow by Nessos (4 damage)
             ... on level 12 of the Dungeon.
             The game lasted 01:41:16 (26263 turns).

ryw the Devastator (Deep Elf Conjurer)             Turns: 26263, Time: 01:41:17

Health: -3/80      AC: 19    Str:  4    XL:     14   Next: 78%
Magic:  9/34       EV: 10    Int: 29    God:    Vehumet [*****.]
Gold:   1296       SH:  0    Dex: 11    Spells: 13/42 levels left

rFire   . . .      SeeInvis +    V - +3 short sword of Gallantry {venom, rN+ Will+ rCorr Dex+3}
rCold   + + .      Faith    .    (no shield)
rNeg    + . .      Spirit   .    q - +2 ring mail of Reason {Rampage rC++ Regen+ rCorr Dex-5}
rPois   .          Reflect  .    N - +2 helmet {SInv}
rElec   .          Harm     .    A - +2 cloak
rCorr   +          Rampage  +    Q - +2 pair of gloves
Will    +++..                    c - +2 pair of boots
Stlth   +.........               w - amulet of regeneration
HPRegen 1.83/turn                o - ring of wizardry
MPRegen 0.24/turn                J - ring of willpower

@: lethally poisoned (-3 -> -23)
A: claws 1
a: Renounce Religion


You were on level 12 of the Dungeon.
You worshipped Vehumet.
Vehumet was extremely pleased with you.
You visited 3 branches of the dungeon, and saw 18 of its levels.
You also visited: Ice Cave.

You collected 1296 gold pieces.

Inventory:

Hand Weapons
 y - the +8 quarterstaff "Lezomuox" {vorpal, Str+3}
   (You found it on level 10 of the Dungeon)

   It inflicts extra damage upon your enemies.
   Str:       It affects your strength (+3).
 V - the +3 short sword of Gallantry (weapon) {venom, rN+ Will+ rCorr Dex+3}
   (You found it on level 5 of the Lair of Beasts)

   It poisons the flesh of those it strikes.
   Dex:       It affects your dexterity (+3).
   rN:        It protects you from negative energy.
   rCorr:     It protects you from acid and corrosion.
   Will:      It increases your willpower.
Missiles
 I - 2 throwing nets
 P - 5 curare-tipped darts
Armour
 c - a +2 pair of boots (worn)
 h - a +1 crystal plate armour of cold resistance
 q - the +2 ring mail of Reason (worn) {Rampage rC++ Regen+ rCorr Dex-5}
   (You found it on level 4 of the Lair of Beasts)

   Dex:       It affects your dexterity (-5).
   rC:        It greatly protects you from cold.
   Regen:     It increases your rate of health regeneration.
   rCorr:     It protects you from acid and corrosion.
   Rampage:   It bestows one free step when moving towards enemies.
 A - a +2 cloak (worn)
 B - a +1 robe of willpower
 N - a +2 helmet of see invisible (worn)
 Q - a +2 pair of gloves (worn)
Magical Staves
 v - a staff of fire
Jewellery
 g - a ring of fire
 m - a ring of positive energy
 o - a ring of wizardry (left hand)
 t - a ring of ice
 w - an amulet of regeneration (around neck)
 z - a ring of flight
 F - a ring of resist corrosion
 J - a ring of willpower (right hand)
Wands
 k - a wand of quicksilver (2)
 p - a wand of paralysis (12)
 u - a wand of polymorph (17)
 G - a wand of flame (35)
 K - a wand of roots (15)
 M - a wand of digging (5)
Scrolls
 j - 3 scrolls of poison
 n - 5 scrolls of teleportation
 r - 3 scrolls of magic mapping
 s - 10 scrolls of identify
 H - a scroll of silence
 L - 2 scrolls of fog
 R - a scroll of blinking
 U - 3 scrolls of summoning
Potions
 a - a potion of mutation
 b - 4 potions of magic
 d - 3 potions of resistance
 e - 8 potions of brilliance
 f - 8 potions of curing
 i - 5 potions of might
 l - 4 potions of flight
 C - 3 potions of berserk rage
 S - a potion of heal wounds
 T - 2 potions of ambrosia
Miscellaneous
 D - a phantom mirror


   Skills:
 - Level 6.0 Fighting
 + Level 11.2 Dodging
 - Level 2.4 Stealth
 + Level 14.5 Spellcasting
 * Level 19.0 Conjurations
 - Level 3.0 Summonings
 - Level 6.0 Translocations
 + Level 9.4 Fire Magic
 - Level 4.0 Ice Magic
 - Level 4.0 Air Magic
 - Level 4.0 Earth Magic


You had 13 spell levels left.
You knew the following spells:

 Your Spells              Type           Power      Damage    Failure   Level
a - Iskenderun's Battles  Conj           93%        2d14      1%          5
b - Magic Dart            Conj           100%       1d8       0%          1
c - Stone Arrow           Conj/Erth      100%       3d13      1%          3
d - Iskenderun's Mystic   Conj/Tloc      76%        2d15      1%          4
f - Searing Ray           Conj           100%       2d8       0%          2
g - Fireball              Conj/Fire      40%        3d16      1%          5
h - Sticky Flame          Conj/Fire      81%        2d9       1%          4
i - Freezing Cloud        Conj/Ice/Air   32%        6-21      1%          5

Your spell library contained the following spells:

 Spells                   Type           Power      Damage    Failure   Level
 Yara's Violent Unravell  Hex/Tmut       10%        3d6       36%         5
 Foxfire                  Conj/Fire      100%       2x1d9     1%          1
 Freeze                   Ice            100%       1d11      1%          1
 Kiss of Death            Conj/Necr      100%       2d13      1%          1
 Sandblast                Erth           88%        2d18      1%          1
 Summon Small Mammal      Summ           100%       N/A       1%          1
 Dazzling Flash           Conj/Hex       100%       N/A       1%          3
 Fulminant Prism          Conj/Hex       33%        3d16      1%          4
 Starburst                Conj/Fire      40%        6d12      1%          6
 Orb of Destruction       Conj           46%        9d12      1%          7
 Conjure Ball Lightning   Conj/Air       36%        3x3d12    2%          6
 Ozocubu's Armour         Ice            44%        N/A       3%          3
 Ensorcelled Hibernation  Hex/Ice        64%        N/A       4%          2
 Passwall                 Tmut/Erth      26%        N/A       4%          2
 Call Canine Familiar     Summ           38%        N/A       5%          3
 Summon Guardian Golem    Hex/Summ       29%        N/A       10%         3
 Summon Ice Beast         Ice/Summ       41%        N/A       14%         4
 Confusing Touch          Hex            21%        N/A       17%         3
 Anguish                  Hex/Necr       10%        N/A       47%         4
 Dispel Undead            Necr           21%        3d11      47%         4
 Ozocubu's Refrigeration  Ice            22%        4d12      86%         7
 Simulacrum               Ice/Necr       16%        N/A       98%         6
 Haunt                    Necr/Summ      14%        N/A       100%        7


Dungeon Overview and Level Annotations

Branches:
Dungeon (12/15)            Temple (1/1) D:4            Lair (5/5) D:9
  Swamp (0/4) Lair:3        Snake (0/4) Lair:3        Slime (0/5) Lair:4
    Orc (0/2) D:11          IceCv (visited)

Altars:
Ashenzari
Cheibriados
Fedhas
Gozag
Hepliaklqana
Kikubaaqudgha
Makhleb
Nemelex Xobeh
Okawaru
Qazlal
Sif Muna
Vehumet
Wu Jian
Xom
Yredelemnul
Zin
The Shining One
Jiyva

Shops:
D:9 (

Portals:
Trove: D:12 (give 4 potions of resistance)

Annotations:
D:3 1 runed translucent door, Lemondrips's ghost, amateur NaTm
D:11 2 transporters, Omaman's ghost, journeyman DgEE
D:12 Nessos
Lair:3 exclusion: downstairs
Lair:5 3 runed translucent doors, KennySheep's ghost, journeyman TeAE


Innate Abilities, Weirdness & Mutations

You have sharp fingernails.


Message History

Unknown command.
Casting: Iskenderun's Battlesphere (safe; 1% risk of failure)
Confirm with . or Enter, or press ? or * to list all spells.
Okay, then.
Unknown command.
Casting: Iskenderun's Battlesphere (safe; 1% risk of failure)
Confirm with . or Enter, or press ? or * to list all spells.
Aiming: Fireball (safe; 1% risk of failure)
Press: ? - help, Shift-Dir - straight line, f/p - Nessos
Aim: Nessos, wielding a +3 longbow of flaming and wearing a +1 barding of stealth (moderately wounded, fast)
The fireball explodes!
The fireball engulfs Nessos!!
Nessos is severely wounded.
You feel sick.
Your battlesphere fires!
The barrage of energy hits Nessos but does no damage.
Nessos is severely wounded.
Nessos shoots an arrow.
The arrow barely misses you.
Casting: Fireball (safe; 1% risk of failure)
Confirm with . or Enter, or press ? or * to list all spells.
Okay, then.
Unknown command.
Okay, then.
Unknown command.
Casting: Fireball (safe; 1% risk of failure)
Confirm with . or Enter, or press ? or * to list all spells.
Okay, then.
Casting: Fireball (safe; 1% risk of failure)
Confirm with . or Enter, or press ? or * to list all spells.
Aiming: Stone Arrow (safe; 1% risk of failure)
Press: ? - help, Shift-Dir - straight line, f/p - Nessos
Aim: Nessos, wielding a +3 longbow of flaming and wearing a +1 barding of stealth (heavily wounded, fast, ally target, 87% to hit)
The stone arrow hits Nessos!
Nessos is almost dead.
You feel sick. Nessos says, "Study your classics!"
Nessos shoots an arrow.
The arrow hits you!
* * * LOW HITPOINT WARNING * * *
The arrow burns you.
You are more poisoned.
You die...

###### ########## #######
.....# #........###.......
..<..####........[.#.......
.....'..#........#.#.......
.....##.#.......@#....°.c..
.....##.#.....c..###..c....
...[.##.........*# .......
.....####......<.# .......
.....# ###.###### .......
##+### #..# ....... ##.#
##.# ####.## ...# ###'####
.# #### #......#


You could see Nessos (fast, ally target) and a friendly battlesphere.

Vanquished Creatures
  Rupert (Lair:3)
  A dire elephant (Lair:5)
  A fire dragon (Lair:5)
  3 hydras (Lair:3)
  A vault guard (D:12)
  Fannar (D:12)
  Erica (D:8)
  A catoblepas (Lair:5)
  26 death yaks
  2 two-headed ogres
  A deep troll shaman (Lair:5)
  Sonja (Lair:3)
  Nergalle (D:11)
  2 bog bodies (Lair:3)
  A necromancer (IceCv)
  An orc knight (D:11)
  2 ugly things
  2 manticores (D:11)
  A cyclops (D:10)
  Maurice (D:8)
  3 black mambas
  8 elephants (Lair:5)
  An ice statue (IceCv)
  11 cane toads
  An unseen horror (D:10)
  8 komodo dragons
  10 rime drakes
  3 anaconda simulacra (IceCv)
  3 freezing wraiths (IceCv)
  A yaktaur (shapeshifter) (D:11)
  A kobold demonologist (D:10)
  11 ice devils (IceCv)
  3 polar bears
  4 trolls
  8 slime creatures (D:12)
  8 blink frogs
  2 dire elephant simulacra (IceCv)
  A shadow (D:12)
  A basilisk (D:10)
  25 yaks
  8 spriggans (Lair:1)
  2 wraiths
  3 wyverns
  4 steam dragons
  10 vampire mosquitoes
  3 death yak simulacra (IceCv)
  A harpy simulacrum (IceCv)
  3 swamp worms (Lair:3)
  2 acid dragons
  2 hydra simulacra (IceCv)
  14 water moccasins
  An ice beast (D:7)
  A black bear (Lair:5)
  8 orc warriors
  13 wolves
  2 ogres
  4 centaurs
  10 bullfrogs
  2 kobold brigands (D:8)
  A gnoll sergeant (D:10)
  A two-headed ogre simulacrum (IceCv)
  5 scorpions
  2 necrophages
  7 cane toad simulacra (IceCv)
  5 wights (D:6)
  4 elephant simulacra (IceCv)
  13 howler monkeys
  2 electric eels
  10 orc priests
  3 hounds
  A jelly (D:4)
  An iron imp (D:3)
  3 iguanas
  Natasha (thrice) (D:4)
  6 orc wizards
  2 spriggan simulacra (IceCv)
  3 polar bear simulacra (IceCv)
  3 wolf simulacra (IceCv)
  8 gnolls
  6 adders
  3 white imps
  2 ufetubi
  A worm (D:2)
  2 dart slugs
  59 orcs
  7 endoplasms
  A giant cockroach (D:3)
  5 hobgoblins
  7 quokkas
  5 ball pythons
  6 bats
  4 frilled lizards
  4 goblins
  11 kobolds
  3 rats
466 creatures vanquished.

Vanquished Creatures (others)
  A bush (Lair:4)
  52 fungi
  45 plants
98 creatures vanquished.

Grand Total: 564 creatures vanquished

Notes
Turn   | Place    | Note
-------+----------+-------------------------------------------
     0 | D:1      | ryw the Deep Elf Conjurer began the quest for the Orb.
     0 | D:1      | Reached XP level 1. HP: 10/10 MP: 6/6
   554 | D:1      | Noticed a floating eye
   558 | D:1      | Found a faded altar of an unknown god.
   560 | D:1      | Noticed a golden eye
   560 | D:1      | Noticed an eye of devastation
   560 | D:1      | Noticed a shining eye
   755 | D:1      | Reached XP level 2. HP: 15/15 MP: 5/8
   783 | D:1      | Learned a level 2 spell: Searing Ray
  1189 | D:2      | Reached skill level 5 in Conjurations
  1427 | D:2      | Reached XP level 3. HP: 19/19 MP: 6/9
  2112 | D:3      | Reached XP level 4. HP: 24/24 MP: 5/11
  2181 | D:3      | Reached skill level 6 in Conjurations
  2638 | D:3      | Found a runed translucent door.
  2638 | D:3      | Noticed Lemondrips's ghost (amateur NaTm)
  2692 | D:3      | Learned a level 3 spell: Stone Arrow
  2785 | D:3      | Found a glowing silver altar of Zin.
  3040 | D:3      | Found a snail-covered altar of Cheibriados.
  3047 | D:3      | Reached XP level 5. HP: 14/28 MP: 7/13
  3375 | D:4      | Noticed Natasha
  3378 | D:4      | Killed Natasha
  3545 | D:4      | Reached skill level 7 in Conjurations
  3545 | D:4      | Reached skill level 1 in Earth Magic
  3700 | D:4      | Learned a level 4 spell: Iskenderun's Mystic Blast
  3706 | D:4      | Reached XP level 6. HP: 32/32 MP: 9/14
  3758 | D:4      | Noticed Natasha
  3853 | D:4      | Reached skill level 5 in Spellcasting
  3914 | D:4      | Killed Natasha
  4036 | D:4      | Found a staircase to the Ecumenical Temple.
  4045 | Temple   | Entered the Ecumenical Temple
  4093 | Temple   | Became a worshipper of Vehumet
  4589 | D:5      | Entered Level 5 of the Dungeon
  4739 | D:4      | Noticed Natasha
  4746 | D:4      | Killed Natasha
  4760 | D:5      | Reached skill level 8 in Conjurations
  4831 | D:5      | Reached XP level 7. HP: 32/36 MP: 10/16
  4889 | D:5      | You fall into a shaft and drop 1 floor!
  5671 | D:5      | Reached skill level 9 in Conjurations
  5671 | D:5      | Reached skill level 1 in Translocations
  6189 | D:5      | Reached XP level 8. HP: 41/41 MP: 9/18
  6342 | D:6      | Reached * piety under Vehumet
  6342 | D:6      | Offered knowledge of Kiss of Death by Vehumet.
  6616 | D:6      | Reached skill level 1 in Fighting
  7182 | D:6      | Found a shimmering altar of Xom.
  7226 | D:6      | Reached skill level 10 in Conjurations
  7647 | D:6      | Found an iron altar of Okawaru.
  7726 | D:7      | Learned a level 1 spell: Summon Small Mammal
  7978 | D:7      | Reached skill level 1 in Summonings
  8268 | D:7      | Reached XP level 9. HP: 49/49 MP: 16/21
  8713 | D:7      | Offered knowledge of Shock by Vehumet.
  8836 | D:7      | Reached ** piety under Vehumet
  8865 | D:7      | Found an opulent altar of Gozag.
  9003 | D:8      | Noticed Erica
  9006 | D:8      | Killed Erica
  9009 | D:8      | Noticed Maurice
  9075 | D:8      | Killed Maurice
  9796 | D:8      | Learned a level 5 spell: Iskenderun's Battlesphere
 10117 | D:8      | Reached skill level 5 in Dodging
 10117 | D:8      | Reached skill level 11 in Conjurations
 10124 | D:8      | Reached XP level 10. HP: 58/58 MP: 8/24
 10125 | D:8      | Reached skill level 5 in Fighting
 10314 | D:8      | Found an ornate altar of the Wu Jian Council.
 10398 | D:8      | Found a stormy altar of Qazlal.
 10553 | D:9      | Noticed a two-headed ogre
 10560 | D:9      | Killed a two-headed ogre
 10743 | D:9      | Offered knowledge of Poisonous Vapours by Vehumet.
 10744 | D:9      | Reached skill level 12 in Conjurations
 10986 | D:9      | Found a staircase to the Lair.
 11060 | D:9      | Found Noutogio's Antique Weapon Shop.
 11344 | D:9      | Learned a level 5 spell: Fireball
 11391 | Lair:1   | Entered Level 1 of the Lair of Beasts
 11456 | Lair:1   | Reached skill level 1 in Fire Magic
 11612 | Lair:1   | Reached *** piety under Vehumet
 11672 | Lair:1   | Reached skill level 13 in Conjurations
 12148 | Lair:1   | Noticed a cane toad
 12160 | Lair:1   | Killed a cane toad
 12161 | Lair:1   | Reached XP level 11. HP: 63/63 MP: 19/26
 12727 | Lair:2   | Reached skill level 10 in Spellcasting
 12953 | Lair:2   | Offered knowledge of Sticky Flame by Vehumet.
 13261 | Lair:2   | Reached skill level 14 in Conjurations
 13994 | Lair:2   | Learned a level 4 spell: Sticky Flame
 14042 | Lair:3   | Reached skill level 5 in Fire Magic
 14244 | Lair:3   | Noticed Rupert
 14264 | Lair:3   | Killed Rupert
 14382 | Lair:3   | Noticed a six-headed hydra
 14389 | Lair:3   | Killed a six-headed hydra
 14401 | Lair:3   | Reached XP level 12. HP: 69/69 MP: 1/29
 14692 | Lair:3   | Noticed a five-headed hydra
 14697 | Lair:3   | Killed a five-headed hydra
 14697 | Lair:3   | Reached **** piety under Vehumet
 14698 | Lair:3   | Reached skill level 5 in Translocations
 14818 | Lair:3   | Found an opulent altar of Gozag.
 15020 | Lair:3   | Found a staircase to the Snake Pit.
 15030 | Lair:3   | Noticed Sonja
 15032 | Lair:3   | Killed Sonja
 15033 | Lair:3   | Reached skill level 15 in Conjurations
 15140 | Lair:3   | Noticed an eight-headed hydra
 15145 | Lair:3   | Killed an eight-headed hydra
 15364 | Lair:3   | Offered knowledge of Freezing Cloud by Vehumet.
 15371 | Lair:3   | Learned a level 5 spell: Freezing Cloud
 15483 | Lair:3   | Found a staircase to the Swamp.
 15801 | Lair:4   | Reached skill level 1 in Ice Magic
 15857 | Lair:4   | Noticed a death yak
 15857 | Lair:4   | Noticed a death yak
 15869 | Lair:4   | Noticed a death yak
 15869 | Lair:4   | Noticed a death yak
 15871 | Lair:4   | Noticed a death yak
 15871 | Lair:4   | Noticed a death yak
 15871 | Lair:4   | Noticed a death yak
 15914 | Lair:4   | Killed a death yak
 15915 | Lair:4   | Reached skill level 1 in Air Magic
 15918 | Lair:4   | Killed a death yak
 16126 | Lair:4   | Noticed a death yak
 16127 | Lair:4   | Noticed a death yak
 16128 | Lair:4   | Noticed a death yak
 16129 | Lair:4   | Noticed a death yak
 16129 | Lair:4   | Noticed a death yak
 16377 | Lair:4   | Found a viscous altar of Jiyva.
 16377 | Lair:4   | Found a staircase to the Slime Pits.
 16458 | Lair:4   | Identified the +2 ring mail of Reason {Rampage rC++ Regen+
                  | rCorr Dex-5}
 16625 | Lair:4   | Noticed a death yak
 16626 | Lair:4   | Noticed a death yak
 16628 | Lair:4   | Noticed a death yak
 16629 | Lair:4   | Killed a death yak
 16629 | Lair:4   | Noticed a death yak
 16631 | Lair:4   | Killed a death yak
 16637 | Lair:4   | Killed a death yak
 16637 | Lair:4   | Killed a death yak
 16637 | Lair:4   | Killed a death yak
 16638 | Lair:4   | Reached skill level 16 in Conjurations
 16638 | Lair:4   | Killed a death yak
 16638 | Lair:4   | Killed a death yak
 16641 | Lair:4   | Killed a death yak
 16642 | Lair:4   | Reached XP level 13. HP: 58/74 MP: 2/31
 17772 | Lair:5   | Entered Level 5 of the Lair of Beasts
 18407 | Lair:4   | Gained mutation: You have sharp fingernails. [potion of
                  | mutation]
 18570 | Lair:5   | Reached skill level 17 in Conjurations
 18877 | Lair:5   | Noticed a fire dragon
 18881 | Lair:5   | Killed a fire dragon
 19357 | Lair:5   | Reached skill level 10 in Dodging
 19486 | Lair:5   | Found a runed translucent gate.
 19486 | Lair:5   | Found a runed translucent gate.
 19486 | Lair:5   | Found a runed translucent gate.
 19489 | Lair:5   | Noticed KennySheep's ghost (journeyman TeAE)
 20502 | Lair:5   | Reached XP level 14. HP: 80/80 MP: 17/33
 20765 | Lair:5   | Identified the +3 short sword of Gallantry {venom, rN+
                  | Will+ rCorr Dex+3}
 20992 | D:10     | Entered Level 10 of the Dungeon
 21023 | D:10     | Identified the +1 robe "Vijynt Payg" {Will+ Str+4}
 21144 | D:10     | Reached skill level 18 in Conjurations
 21272 | D:10     | Reached ***** piety under Vehumet
 21276 | D:10     | Offered knowledge of Flame Wave by Vehumet.
 21811 | D:10     | Identified the +8 quarterstaff "Lezomuox" {vorpal, Str+3}
 22628 | D:11     | Found a transporter.
 22639 | D:11     | Identified the ring "Jecogot" {rElec rCorr Dex+6}
 22640 | D:11     | Noticed Omaman's ghost (journeyman DgEE)
 22683 | D:11     | Found a transporter.
 22994 | D:11     | Noticed Nergalle
 23047 | D:11     | Killed Nergalle
 23429 | D:11     | Found a staircase to the Orcish Mines.
 24115 | D:12     | Found a frozen archway.
 24127 | IceCv    | Entered an ice cave
 24450 | IceCv    | Offered knowledge of Yara's Violent Unravelling by Vehumet.
 24817 | IceCv    | Found an ancient bone altar of Kikubaaqudgha.
 25046 | IceCv    | Got Xomuosm's Grimoire of Congelation
 25502 | IceCv    | Got Mylliz's Teachings on Vile Ice
 25823 | D:12     | Found a portal to a secret trove of treasure.
 25995 | D:12     | Reached skill level 19 in Conjurations
 26076 | D:12     | Noticed Fannar
 26084 | D:12     | Killed Fannar
 26252 | D:12     | Noticed Nessos
 26263 | D:12     | HP: 1/80 [Nessos/arrow (16)]
 26263 | D:12     | Shot with an arrow by Nessos

Illustrated notes

Levels and vault maps discovered:
D:1:      scummos_arrival_star, layout_loops_corners,
          hellmonk_ecumenical_altar_watching_god, dreamdust_mushroom_princess,
          grunt_decor_clamped
D:2:      layout_basic
D:3:      layout_loops_ring, zin_academy, chei_slow_surprise,
          gammafunk_ghost_grave, minmay_misc_feat_diagonals, st_stairs_8,
          hex_tiny
D:4:      layout_loops_ring, minmay_temple_entry_fiery, uniq_natasha
D:5:      layout_cave_pods, chequers_hall_statues_corner_a
D:6:      layout_cave_pools, mainiacjoe_overflow_big_doors,
          corexii_corridor_pit, chequers_serial_rivers_room_a,
          corexii_corridor_pit
D:7:      layout_basic, kennysheep_little_box, minmay_misc_feat_roman,
          minmay_misc_feat_five
D:8:      layout_rooms, nicolae_qazlal_general_emergency,
          nicolae_wu_jian_immortal_techniques, uniq_maurice, uniq_erica
D:9:      layout_loops_ring, dpeg_oklobed_lair, serial_shops, shop_statue
D:10:     layout_basic, grunt_potential
D:11:     layout_long_grid, david_orc_5, nzn_ghost_randoct,
          grunt_decor_arrowhead, uniq_nergalle
D:12:     layout_roguey, portal_ice_cave_entry_pillars_1, enter_trove_5,
          uniq_nessos, uniq_fannar
Temple:   nicolae_temple_superstar
Lair:1:   kb_forest_paths, layout_regular_city, lemuel_fruit_fields
Lair:2:   layout_regular_city, guppyfry_lair_drakes
Lair:3:   layout_gridlike, nicolae_swamp_entry_splash_gauntlet,
          guppyfry_snake_entry_island, basic_altar, uniq_rupert, uniq_sonja
Lair:4:   layout_cellular_growth, slime_entry_1, serial_bayou_shore_a,
          grunt_megastairs_3
Lair:5:   grunt_lair_end_beastmaster, layout_gridlike,
          gammafunk_ghost_hydra_chop, bobbens_dragon_lair_wall

Skill      XL: |  1  2  3  4  5  6  7  8  9 10 11 12 13 14 |
---------------+-------------------------------------------+-----
Conjurations   | 5 6 7 8 9 10 11 13 14 16 17 19 | 19.0
Spellcasting   | 4 5 7 8 9 11 12 13 14 | 14.5
Earth Magic    | 1 2 3 4 |  4.0
Translocations | 1 3 4 6 |  6.0
Fighting       | 2 4 5 6 |  6.0
Dodging        | 3 5 6 8 10 11 | 11.2
Summonings     | 1 3 |  3.0
Fire Magic     | 4 5 6 7 9 |  9.4
Ice Magic      | 3 4 |  4.0
Air Magic      | 3 4 |  4.0
Stealth        | |  2.4

Action                   |  1- 3 |  4- 6 |  7- 9 | 10-12 | 13-15 || total
-------------------------+-------+-------+-------+-------+-------++-------
Melee: Short sword       |       |       |       |       |     7 ||     7
 Cast: Magic Dart        |    60 |    65 |    91 |   143 |   245 ||   604
       Searing Ray       |     2 |    12 |     6 |     1 |     1 ||    22
       Stone Arrow       |       |     6 |    80 |    70 |   190 ||   346
       Iskenderun's Myst |       |     1 |    16 |    13 |    30 ||    60
       Iskenderun's Batt |       |       |     2 |    55 |    96 ||   153
       Fireball          |       |       |       |    13 |    10 ||    23
       Sticky Flame      |       |       |       |     1 |    18 ||    19
Evoke: Wand              |       |       |     3 |     3 |     3 ||     9
  Use: Scroll            |       |     8 |    14 |     4 |     8 ||    34
       Potion            |       |       |     4 |     1 |     1 ||     6
Armor: Robe              |       |     1 |     6 |     8 |    20 ||    35
       Ring mail         |       |       |       |       |    27 ||    27
Dodge: Dodged            |     1 |    11 |    23 |    11 |    71 ||   117

Table legend: (Time is in decaauts)
 A = Elapsed time spent in this place.
 B = Non-inter-level travel time spent in this place.
 C = Inter-level travel time spent in this place.
 D = Time resting spent in this place.
 E = Time spent auto-exploring this place.
 F = Levels seen in this place.
 G = Mean time per level.
                   A        B        C        D        E       F      G
               +--------+--------+--------+--------+--------+-----+--------+
         Total |  26310 |  25022 |   1288 |   8048 |  13328 |  19 | 1384.7 |
       Dungeon |  15056 |  14559 |    497 |   4098 |   8669 |  12 | 1254.7 |
        Temple |     79 |     49 |     30 |      0 |     32 |   1 |   79.0 |
          Lair |   9627 |   8866 |    761 |   3134 |   4274 |   5 | 1925.4 |
      Ice Cave |   1546 |   1546 |      0 |    816 |    353 |   1 | 1546.0 |
               +--------+--------+--------+--------+--------+-----+--------+

Top non-repeatable levels by time:
  Lair:5: 2760 daAuts
  Lair:4: 2160 daAuts
     D:5: 1875 daAuts
  Lair:3: 1846 daAuts
     D:7: 1752 daAuts
   IceCv: 1546 daAuts
  Lair:2: 1496 daAuts
    D:11: 1471 daAuts
     D:4: 1368 daAuts
  Lair:1: 1364 daAuts
     D:3: 1323 daAuts
    D:10: 1304 daAuts
     D:1: 1181 daAuts
     D:8: 1062 daAuts
     D:6: 989 daAuts
